AoeStats
← 2684480386

Arabia

510566619Analyzed
1v1 RM · 1d ago on Oct 1, 2026· 73m 37s· 2 players
Game mode
Random Map
Map size
Tiny (2 player)
Population
200
Speed
Normal
Resources
Standard
Victory
Conquest
Starting age
Dark Age
Ending age
Imperial Age
RankedLock teamsTeams togetherTeam positionsShared explorationLock speedFull tech treeHidden civsTurbo modeCheats
Victory
Defeat
🇨🇳 Sicilians · China
956
+41
🇨🇳 Ethiopians · China
941
-15
381855661
8:27 Loom
11:08 Feudal Age
11:57 Double-Bit Axe
11:53 Horse Collar
18:35 Castle Age
18:47 Gold Mining
20:39 Bow Saw
20:30 Heavy Plow
22:01 Wheelbarrow
21:11 Town Watch
24:23 Hand Cart
26:26 Stone Mining
28:27 Fletching
29:05 Bodkin Arrow
34:10 Town Patrol
34:48 Gold Shaft Mining
34:48 Stone Shaft Mining
38:03 Padded Archer Armor
38:04 Scale Mail Armor
38:14 Forging
40:04 Masonry
39:51 Murder Holes
40:18 Ballistics
39:49 Guard Tower
40:17 Squires
42:13 Arson
42:44 Chain Mail Armor
43:04 Iron Casting
42:45 Leather Archer Armor
45:56 Imperial Age
43:31 Royal Heirs
43:31 Herbal Medicine
44:50 Crossbowman
45:35 Thumb Ring
44:52 Elite Skirmisher
45:44 Fortified Wall
46:02 Devotion
46:42 Bracer
47:13 Plate Mail Armor
47:44 Blast Furnace
47:14 Ring Archer Armor
47:06 Conscription
46:48 Torsion Engines
47:52 Chemistry
47:23 Guilds
46:36 Arbalester
46:44 Elite Shotel Warrior
47:50 Onager
54:18 Keep
53:49 Siege Engineers
54:15 Architecture
53:49 Husbandry
53:09 Light Cavalry
56:22 Hussar
58:24 Scale Barding Armor
61:48 Chain Barding Armor
72:40 Heavy Camel Rider
72:41 Cavalier
2684480386
6:51 Loom
11:46 Feudal Age
27:58 Castle Age
26:43 Double-Bit Axe
26:41 Horse Collar
33:29 Gold Mining
36:32 Gold Shaft Mining
36:10 Bow Saw
36:48 Fletching
42:38 Imperial Age
42:34 Man-at-Arms
43:40 Onager
43:45 Capped Ram
44:58 Long Swordsman
49:23 Two-Handed Swordsman
50:49 Champion
53:35 Siege Onager
58:56 Scale Mail Armor
58:53 Bodkin Arrow
58:59 Padded Archer Armor
59:10 Forging
60:49 Siege Ram
62:02 Pikeman
63:01 Chain Mail Armor
63:25 Iron Casting
63:05 Leather Archer Armor
Connection lost

Rejoining the realm…

Still unreachable

The connection could not be restored.

Session expired

The server has moved on; the page needs a fresh start.